 Dungeon Crawl Stone Soup version 0.22-a0-858-g985ef60 (webtiles) character file.

532 poirepourri the Thaumaturge (level 7, 0/46 HPs)
             Began as a Mummy Conjurer on July 27, 2018.
             Slain by a sky beast (3 damage)
             ... on level 5 of the Dungeon.
             The game lasted 00:06:04 (4349 turns).

poirepourri the Thaumaturge (Mummy Conjurer)        Turns: 4349, Time: 00:06:05

Health: 0/46       AC:  4    Str: 11    XL:     7   Next: 4%
Magic:  12/19      EV: 12    Int: 17    God:
Gold:   228        SH:  0    Dex: 12    Spells: 6/24 levels left

rFire    x x .     SeeInvis .   f - +0 short sword
rCold    + + .     Gourm    .   (no shield)
rNeg     + + +     Faith    .   a - +0 robe
rPois    ∞         Spirit   .   b - +0 helmet
rElec    .         Reflect  .   (no cloak)
rCorr    .         Harm     .   d - +0 pair of gloves
MR       .....                  (no boots)
Stlth    ++........             e - amulet of magic regeneration
HPRegen  0.15/turn              h - ring of ice
MPRegen  0.41/turn              (no ring)

@: very slightly contaminated
A: no food or potions, fire vulnerability, cold resistance 1, negative energy
resistance 3, torment resistance, unbreathing
a: no special abilities


You were on level 5 of the Dungeon.
You were not hungry.

You visited 1 branch of the dungeon, and saw 5 of its levels.

You collected 228 gold pieces.

Inventory:

Hand Weapons
 f - a +0 short sword (weapon)
Armour
 a - a +0 robe (worn)
 b - a +0 helmet (worn)
 d - a +0 pair of gloves (worn)
Jewellery
 c - an uncursed amulet of faith
 e - an amulet of magic regeneration (around neck)
 h - a ring of ice (left hand)
Wands
 g - a wand of paralysis (9)
Scrolls
 i - a scroll of identify


   Skills:
 - Level 1.5 Dodging
 - Level 1.5 Stealth
 - Level 9.0 Spellcasting
 + Level 3.7 Conjurations


You had 6 spell levels left.
You knew the following spells:

 Your Spells              Type           Power        Failure   Level  Hunger
a - Magic Dart            Conj           ###.         1%          1    N/A
b - Searing Ray           Conj           ###...       3%          2    N/A
c - Dazzling Spray        Conj/Hex       ##....       13%         3    N/A
d - Iskenderun's Mystic   Conj           ###.....     21%         4    N/A
e - Force Lance           Conj/Tloc      ##......     41%         4    N/A
f - Fulminant Prism       Conj/Hex       ##........   41%         4    N/A

Your spell library contained the following spells:

 Spells                   Type           Power        Failure   Level  Hunger


Dungeon Overview and Level Annotations

Branches:
Dungeon (5/15)
 Temple: D:4-7

Altars:

Annotations:
D:3 Terence


Innate Abilities, Weirdness & Mutations

You do not eat or drink.
Your flesh is vulnerable to fire.
You are immune to poison.
Your flesh is cold resistant. (rC+)
You are immune to negative energy. (rN+++)
You are immune to unholy pain and torment.
You can survive without breathing.


Message History

Something hits you but does no damage.
A sky beast appears from thin air!
Reactivating autopickup.
The sky beast hits you but does no damage.
You can't drink.
Okay, then.
You can't eat.
Casting: Searing Ray (safe; 3% risk of failure)
Confirm with . or Enter, or press ? or * to list all spells.
Aiming: Searing Ray (safe; 3% risk of failure)
Press: ? - help, Shift-Dir - straight line, f/p - sky beast
Aim: a sky beast (rain, lightly wounded)
The searing ray hits the sky beast.
The sky beast is moderately wounded. (Press . to maintain the ray.)
The sky beast hits you but does no damage.
The searing ray hits the sky beast.
The sky beast is moderately wounded.
The sky beast hits you.
You die...

.....................###..####
#.. ........................## #
.... #.....#...##.....##....## #
..... #....#..####.....#.#.#.# #
#... #..............#..#...# ##
#... ##.........>....##.#..###..
#...##..###.....#......#.......#
#......## ##.≈......>...###..###
##.....## #.≈Y@...#...## ##.##
.......# ###...####.%..# #..#
......#####...†## #....# ##.##
....#..........## #....######..#
................# ##..#..........
.....†.......#..###...#..#####...
.....................#..## #....
.......!................# #....
.........#..............# #...#


You could see a sky beast.

Vanquished Creatures
  A scorpion (D:4)
  2 hounds (D:5)
  2 orc priests (D:4)
  A bullfrog skeleton (D:4)
  A centaur skeleton (D:4)
  Ijyb (D:4)
  2 iguanas
  An orc wizard (D:4)
  4 worker ants
  6 adders
  A worm (D:3)
  2 dart slugs
  3 leopard geckos
  6 orcs
  A ball python (D:1)
  3 bats
  5 giant cockroaches
  6 goblins
  4 hobgoblins
  2 jackals (D:1)
  A quokka (D:4)
  2 frilled lizards
  3 kobolds
  A leopard gecko skeleton (D:4)
  5 rats
66 creatures vanquished.

Notes
Turn   | Place    | Note
-------+----------+-------------------------------------------
     0 | D:1      | poirepourri the Mummy Conjurer began the quest for the Orb.
     0 | D:1      | Reached XP level 1. HP: 13/13 MP: 4/4
   231 | D:1      | Reached skill level 3 in Spellcasting
   417 | D:1      | Reached XP level 2. HP: 19/19 MP: 4/6
   778 | D:2      | Learned a level 2 spell: Searing Ray
   963 | D:2      | Reached skill level 4 in Spellcasting
  1012 | D:2      | Reached XP level 3. HP: 23/24 MP: 4/8
  2435 | D:2      | Reached skill level 5 in Spellcasting
  2697 | D:3      | Noticed Terence
  2703 | D:3      | Learned a level 3 spell: Dazzling Spray
  2831 | D:4      | Noticed a scorpion
  2837 | D:4      | Killed a scorpion
  2837 | D:4      | Reached XP level 4. HP: 30/30 MP: 6/11
  2854 | D:4      | Noticed Ijyb
  2854 | D:4      | Paralysed by Ijyb for 3 turns
  2867 | D:4      | Reached skill level 6 in Spellcasting
  2870 | D:4      | Paralysed by Ijyb for 4 turns
  2877 | D:4      | Killed Ijyb
  2877 | D:4      | Reached XP level 5. HP: 28/35 MP: 5/13
  3207 | D:4      | Reached skill level 7 in Spellcasting
  3354 | D:4      | Reached XP level 6. HP: 39/41 MP: 11/16
  3397 | D:4      | Learned a level 4 spell: Iskenderun's Mystic Blast
  3402 | D:4      | Learned a level 4 spell: Force Lance
  3407 | D:4      | Learned a level 4 spell: Fulminant Prism
  3494 | D:4      | Reached skill level 8 in Spellcasting
  3924 | D:5      | Entered Level 5 of the Dungeon
  4013 | D:5      | Reached skill level 9 in Spellcasting
  4324 | D:5      | Noticed a sky beast
  4335 | D:5      | Reached XP level 7. HP: 41/46 MP: 15/19
  4344 | D:5      | HP: 2/46 [sky beast (5)]
  4349 | D:5      | Slain by a sky beast

Vault maps used:
D:1:      lightli_arrival_noodles, moated_statue, wad_floor_pattern_1,
          kennysheep_small_spiral
D:3:      uniq_terence
D:4:      minmay_stone_trees_small, uniq_ijyb
D:5:      first_ration, cheibrodos_worm_habitat

Skill      XL: |  1  2  3  4  5  6 |
---------------+-------------------+-----
Spellcasting   | 3 4 5 6 7 9 |  9.0
Dodging        | |  1.5
Stealth        | |  1.5
Conjurations   | |  3.7

Action                   |  1- 3 |  4- 6 |  7- 9 || total
-------------------------+-------+-------+-------++-------
Melee: Unarmed           |     6 |       |       ||     6
       Short sword       |       |       |     1 ||     1
 Cast: Magic Dart        |    70 |    33 |       ||   103
       Searing Ray       |     6 |    25 |     2 ||    33
       Iskenderun's Myst |       |     2 |       ||     2
  Use: Scroll            |     5 |     2 |       ||     7
Armor: Robe              |    12 |    11 |     4 ||    27
Dodge: Dodged            |    42 |    32 |     3 ||    77

Table legend:
 A = Spawn XP
 B = Non-spawn XP
 C = Spawn XP percentage of total XP
 D = Spawn monster count
 E = Non-spawn monster count
 F = Spawn count percentage of total count
 G = Total turns spent on level
                    A         B        C        D         E        F      G
               +---------+---------+-------+---------+---------+-------+---------
         Total |       0 |     761 |   0.0 |       0 |      66 |   0.0 |  4349
               +---------+---------+-------+---------+---------+-------+---------
           D:1 |       0 |      43 |   0.0 |       0 |      22 |   0.0 |  1323
           D:2 |       0 |      42 |   0.0 |       0 |       9 |   0.0 |  1205
           D:3 |       0 |       9 |   0.0 |       0 |       4 |   0.0 |   488
           D:4 |       0 |     506 |   0.0 |       0 |      23 |   0.0 |   908
           D:5 |       0 |     161 |   0.0 |       0 |       8 |   0.0 |   425
               +---------+---------+-------+---------+---------+-------+---------
